[Event "Kupreichik Memorial Open 2018"]
[Site "Minsk"]
[Date "2018.06.21"]
[Round "2"]
[White "Masjuk, Vladimir"]
[Black "Kozlov, Valentin"]
[Result "1-0"]
[ECO "B22"]
[WhiteElo "1829"]
[BlackElo "1553"]
[Annotator "NA"]
[PlyCount "27"]
[EventDate "2018.06.21"]
[EventCountry "BLR"]
[SourceTitle "playchess.com"]
[Source "ChessBase"]
[SourceQuality "1"]
[TimeControl "900+10"]

1. e4 c5 2. c3 Nc6 3. d4 cxd4 4. cxd4 e6 5. Nc3 Be7 6. f4 Nf6 7. Nf3 O-O 8. Bd3 Nb4 9. Bb1 d5 10. e5 Nd7 11. O-O Nb6 12. a3 Nc6 13. Qd3 a5 14. Qxh7# 1-0

[Event "Kupreichik Memorial Open 2018"]
[Site "Minsk"]
[Date "2018.06.21"]
[Round "2"]
[White "Pashkov, Vladimir M"]
[Black "Tkachou, Pavel"]
[Result "0-1"]
[ECO "D05"]
[WhiteElo "1812"]
[BlackElo "1535"]
[Annotator "NA"]
[PlyCount "88"]
[EventDate "2018.06.21"]
[EventCountry "BLR"]
[SourceTitle "playchess.com"]
[Source "ChessBase"]
[SourceQuality "1"]
[TimeControl "900+10"]

1. d4 e6 2. Nf3 d5 3. e3 Nf6 4. Bd3 c5 5. b3 Nc6 6. Bb2 Nb4 7. Be2 Qa5 8. Nbd2 Ne4 9. a3 Nxd2 10. Qxd2 Nxc2+ 11. Kd1 Qxd2+ 12. Kxd2 Nxa1 13. Rxa1 f6 14. Rc1 b6 15. Ne1 Bd7 16. Nd3 cxd4 17. exd4 Bd6 18. h3 O-O 19. b4 Bb5 20. Re1 Bxd3 21. Bxd3 Rfe8 22. Bb5 Re7 23. Bc6 Rc8 24. b5 Kf7 25. Kd3 Rec7 26. Rc1 Bf4 27. Rc2 Ke7 28. g3 Bd6 29. f4 g5 30. Bc1 gxf4 31. Bxf4 Bxf4 32. gxf4 Rg8 33. Re2 Rg3+ 34. Re3 Rxe3+ 35. Kxe3 Kd6 36. f5 exf5 37. Kf4 Ke6 38. a4 Rg7 39. Be8 Rg1 40. Bh5 Ra1 41. Be2 Rxa4 42. Ke3 f4+ 43. Kd3 f5 44. Kc3 Ra3+ 0-1

[Event "Kupreichik Memorial Open 2018"]
[Site "Minsk"]
[Date "2018.06.21"]
[Round "2"]
[White "Arlou, Valery"]
[Black "Cherepov, Alexej"]
[Result "0-1"]
[ECO "D02"]
[WhiteElo "1743"]
[BlackElo "2234"]
[Annotator "NA"]
[PlyCount "89"]
[EventDate "2018.06.21"]
[EventCountry "BLR"]
[SourceTitle "playchess.com"]
[Source "ChessBase"]
[SourceQuality "1"]
[TimeControl "900+10"]

1. d4 d5 2. Nf3 Nf6 3. Bf4 c5 4. e3 Nc6 5. c3 Bg4 6. Nbd2 e6 7. Bd3 Be7 8. h3 Bh5 9. O-O O-O 10. Rc1 Re8 11. g4 Bg6 12. Bxg6 hxg6 13. Ne5 Qb6 14. Qc2 Rac8 15. Ndf3 Ne4 16. Nxc6 bxc6 17. Ne5 Red8 18. f3 Nf6 19. Qb3 Qa6 20. a3 c4 21. Qc2 Rb8 22. Qh2 Rb3 23. Rc2 Qb7 24. Rff2 Ne8 25. h4 c5 26. g5 cxd4 27. exd4 Bd6 28. h5 Bxe5 29. Bxe5 Qe7 30. Bf4 Nd6 31. hxg6 fxg6 32. Bxd6 Rxd6 33. Qe5 Rb8 34. f4 Rf8 35. Rce2 Rf5 36. Qe3 Rb6 37. Kg2 Kf7 38. Kg3 Qb7 39. Rh2 Qb8 40. Qf2 Rxg5+ 41. Kf3 Rf5 42. Ke3 g5 43. Qf3 gxf4+ 44. Kf2 Rxb2 45. Ke1 0-1

[Event "Kupreichik Memorial Open 2018"]
[Site "Minsk"]
[Date "2018.06.21"]
[Round "2"]
[White "Beliuga, Mikhail"]
[Black "Korniichuk, Oleksandra"]
[Result "0-1"]
[ECO "A05"]
[WhiteElo "1699"]
[BlackElo "1740"]
[Annotator "NA"]
[PlyCount "90"]
[EventDate "2018.06.21"]
[EventCountry "BLR"]
[SourceTitle "playchess.com"]
[Source "ChessBase"]
[SourceQuality "1"]
[TimeControl "900+10"]

1. Nf3 Nf6 2. d4 e6 3. c4 Be7 4. Nc3 O-O 5. e4 d5 6. e5 Ne4 7. Bd3 Nxc3 8. bxc3 dxc4 9. Bxc4 c5 10. O-O Nc6 11. Rb1 b6 12. Be3 cxd4 13. cxd4 Bb7 14. Qe2 Nb4 15. Rbc1 Rc8 16. Nd2 Nd5 17. f4 Nxe3 18. Qxe3 Qd7 19. f5 Rfd8 20. Nb3 Bd5 21. Bxd5 Qxd5 22. fxe6 Qxe6 23. Rxc8 Rxc8 24. Rc1 Rxc1+ 25. Qxc1 Qd5 26. Qc8+ Bf8 27. Qc2 a5 28. Qd3 Bc5 29. Qb5 Bxd4+ 30. Nxd4 Qxd4+ 31. Kf1 h6 32. e6 Qf6+ 33. Kg1 Qxe6 34. Qb1 Qe3+ 35. Kf1 Qf4+ 36. Kg1 Qd4+ 37. Kf1 Qc4+ 38. Kf2 b5 39. Qb2 b4 40. Qd2 a4 41. h3 b3 42. axb3 axb3 43. Qd8+ Kh7 44. Qb6 Qc2+ 45. Kg1 b2 0-1

[Event "Kupreichik Memorial Open 2018"]
[Site "Minsk"]
[Date "2018.06.21"]
[Round "2"]
[White "Ustiugov, Boris"]
[Black "Talma, Sergei"]
[Result "0-1"]
[ECO "D08"]
[WhiteElo "1614"]
[BlackElo "1858"]
[Annotator "NA"]
[PlyCount "71"]
[EventDate "2018.06.21"]
[EventCountry "BLR"]
[SourceTitle "playchess.com"]
[Source "ChessBase"]
[SourceQuality "1"]
[TimeControl "900+10"]

1. d4 d5 2. c4 e5 3. dxe5 d4 4. Nf3 Nc6 5. a3 a5 6. e3 Bc5 7. exd4 Bxd4 8. Nxd4 Qxd4 9. Qxd4 Nxd4 10. Bd3 Nb3 11. Ke2 Nxa1 12. Nd2 a4 13. Re1 Ne7 14. h3 Bf5 15. g4 Bxd3+ 16. Kxd3 O-O-O+ 17. Kc3 Nc6 18. f4 Nb3 19. Nxb3 axb3 20. Be3 Rhe8 21. Bc5 b6 22. Bf2 g5 23. Bg3 gxf4 24. Bxf4 Re6 25. Re3 Rde8 26. c5 Nxe5 27. cxb6 cxb6 28. Kxb3 Nc6 29. Rc3 Kb7 30. Ka2 Re4 31. Bg5 R8e6 32. b4 f6 33. Bc1 b5 34. Rd3 Rd4 35. Rf3 Re2+ 36. Kb3 {time} 0-1

[Event "Kupreichik Memorial Open 2018"]
[Site "Minsk"]
[Date "2018.06.21"]
[Round "2"]
[White "Halouchyts, Karalina"]
[Black "Zeliantsova, Kseniya"]
[Result "1-0"]
[ECO "B07"]
[WhiteElo "1603"]
[BlackElo "1844"]
[Annotator "NA"]
[PlyCount "71"]
[EventDate "2018.06.21"]
[EventCountry "BLR"]
[SourceTitle "playchess.com"]
[Source "ChessBase"]
[SourceQuality "1"]
[TimeControl "900+10"]

1. e4 d6 2. d4 Nf6 3. Nc3 g6 4. Be3 Bg7 5. f3 O-O 6. Qd2 Nc6 7. O-O-O e5 8. dxe5 Nxe5 9. h4 Be6 10. g4 Bc4 11. f4 Bxf1 12. fxe5 Nxg4 13. Rxf1 Nxe3 14. Qxe3 Bxe5 15. Nf3 Bg7 16. h5 c6 17. Qd2 Qe7 18. Qh2 Bxc3 19. bxc3 Rad8 20. Rfg1 d5 21. Qe5 Qa3+ 22. Kb1 Rfe8 23. Qf6 Rd6 24. Qf4 Rxe4 25. hxg6 fxg6 26. Qh6 Re7 27. Nd4 Rf6 28. Nb3 c5 29. Rf1 Ref7 30. Rxf6 Rxf6 31. Qxh7+ Kf8 32. Qh8+ Ke7 33. Re1+ Kf7 34. Qh7+ Kf8 35. Qe7+ Kg8 36. Qxf6 1-0

[Event "Kupreichik Memorial Open 2018"]
[Site "Minsk"]
[Date "2018.06.21"]
[Round "2"]
[White "Korniichuk, Fedir"]
[Black "Polovkov, Valery"]
[Result "0-1"]
[ECO "A40"]
[WhiteElo "1568"]
[BlackElo "1830"]
[Annotator "NA"]
[PlyCount "68"]
[EventDate "2018.06.21"]
[EventCountry "BLR"]
[SourceTitle "playchess.com"]
[Source "ChessBase"]
[SourceQuality "1"]
[TimeControl "900+10"]

1. d4 b6 2. c4 Bb7 3. e3 e6 4. Nc3 g6 5. Nf3 Bg7 6. Bd3 Ne7 7. O-O d6 8. b3 Nd7 9. Bb2 O-O 10. Rc1 a6 11. Qe2 h6 12. Rfd1 c6 13. Bb1 b5 14. c5 d5 15. h3 f5 16. Ne1 e5 17. Nc2 e4 18. Rf1 g5 19. Rcd1 f4 20. exf4 gxf4 21. Qg4 Bc8 22. Qh4 Qe8 23. Bc1 Ng6 24. Qh5 Nf6 25. Qe2 f3 26. gxf3 Bxh3 27. Rfe1 Qd7 28. fxe4 Nh4 29. e5 Bg4 30. Qd3 Bf3 31. e6 Qe7 32. Bf4 Ne4 33. Bg3 Qxe6 34. Qf1 Bxd1 0-1

[Event "Kupreichik Memorial Open 2018"]
[Site "Minsk"]
[Date "2018.06.21"]
[Round "2"]
[White "Drobyshevsky, Vasily"]
[Black "Rybakova, Polina"]
[Result "0-1"]
[ECO "A22"]
[WhiteElo "1551"]
[BlackElo "1826"]
[Annotator "NA"]
[PlyCount "108"]
[EventDate "2018.06.21"]
[EventCountry "BLR"]
[SourceTitle "playchess.com"]
[Source "ChessBase"]
[SourceQuality "1"]
[TimeControl "900+10"]

1. c4 e5 2. Nc3 Nf6 3. e3 d5 4. d4 exd4 5. exd4 Qe7+ 6. Qe2 Qxe2+ 7. Bxe2 Bb4 8. cxd5 Nxd5 9. Bd2 Nf6 10. Bf3 c6 11. Nge2 O-O 12. O-O Bf5 13. Rfe1 Nbd7 14. a3 Ba5 15. b4 Bb6 16. d5 cxd5 17. Nxd5 Be4 18. Nxb6 Nxb6 19. Bg5 Bxf3 20. Bxf6 Bxe2 21. Be7 Bh5 22. Bxf8 Kxf8 23. Rac1 Rd8 24. Rc7 Rd7 25. Rec1 Ke7 26. Rxd7+ Kxd7 27. f3 Bg6 28. Rc5 a6 29. Kf2 Nc8 30. f4 Nd6 31. Kg1 b6 32. Rd5 Be4 33. Rd4 f5 34. g3 Ke6 35. Kf2 Nb5 36. Rd8 Nxa3 37. Rb8 Nc4 38. Rc8 Kd5 39. Rg8 Nd6 40. Rxg7 Kc4 41. Rxh7 Kxb4 42. h4 a5 43. h5 Ne8 44. h6 Nf6 45. Rf7 Ng4+ 46. Ke2 Nxh6 47. Ra7 b5 48. Ra6 Ng4 49. Kd2 a4 50. Kc1 Kb3 51. Kd2 b4 52. Ra7 a3 53. Ke2 Kb2 54. Kd2 a2 0-1

[Event "Kupreichik Memorial Open 2018"]
[Site "Minsk"]
[Date "2018.06.21"]
[Round "2"]
[White "Boiko, Aleksei"]
[Black "Girshgorn, Maria"]
[Result "0-1"]
[ECO "A48"]
[WhiteElo "1526"]
[BlackElo "1805"]
[Annotator "NA"]
[PlyCount "60"]
[EventDate "2018.06.21"]
[EventCountry "BLR"]
[SourceTitle "playchess.com"]
[Source "ChessBase"]
[SourceQuality "1"]
[TimeControl "900+10"]

1. d4 Nf6 2. Nf3 g6 3. Bf4 Bg7 4. e3 d6 5. Be2 O-O 6. h3 Nbd7 7. O-O c5 8. c4 cxd4 9. exd4 Ne4 10. Nc3 Ndf6 11. Re1 Nxc3 12. bxc3 Ne4 13. Qc2 Nf6 14. Bd3 b6 15. Nd2 Bb7 16. Ne4 Rc8 17. Qa4 Bc6 18. Qa3 Bxe4 19. Bxe4 Nxe4 20. Rxe4 Rxc4 21. Qxa7 e5 22. Bh2 exd4 23. cxd4 Rxd4 24. Rae1 Rxe4 25. Rxe4 d5 26. Rb4 d4 27. Qxb6 d3 28. Qxd8 Rxd8 29. Rb1 d2 30. Rd1 Re8 0-1

[Event "Kupreichik Memorial Open 2018"]
[Site "Minsk"]
[Date "2018.06.21"]
[Round "3"]
[White "Nikitenko, Mihail"]
[Black "Ilyuchyk, Yana"]
[Result "1-0"]
[ECO "B31"]
[WhiteElo "2401"]
[BlackElo "1971"]
[Annotator "NA"]
[PlyCount "73"]
[EventDate "2018.06.21"]
[EventCountry "BLR"]
[SourceTitle "playchess.com"]
[Source "ChessBase"]
[SourceQuality "1"]
[TimeControl "900+10"]

1. e4 c5 2. Nf3 Nc6 3. Bb5 g6 4. O-O Bg7 5. c3 Nf6 6. Re1 O-O 7. d4 cxd4 8. cxd4 d5 9. e5 Ne4 10. h3 f6 11. exf6 exf6 12. Nc3 Nxc3 13. bxc3 Bf5 14. Nh4 Bd7 15. Ba3 Re8 16. Qb3 Be6 17. f4 Bf7 18. f5 Bh6 19. Bd3 g5 20. Nf3 Qc7 21. Rad1 b6 22. Qc2 Na5 23. Bb5 Rxe1+ 24. Rxe1 Bf8 25. Bxf8 Kxf8 26. Qd2 h6 27. h4 Qg3 28. hxg5 hxg5 29. Qe3 Kg7 30. Qe7 g4 31. Ng5 fxg5 32. Qxg5+ Kf8 33. Re3 Qc7 34. f6 Be6 35. Qh6+ Kg8 36. Rxe6 Qh7 37. f7+ 1-0

[Event "Kupreichik Memorial Open 2018"]
[Site "Minsk"]
[Date "2018.06.21"]
[Round "3"]
[White "Meshkov, Yuri A"]
[Black "Uzlavataya, Anhelina"]
[Result "1-0"]
[ECO "A80"]
[WhiteElo "2375"]
[BlackElo "1925"]
[Annotator "NA"]
[PlyCount "71"]
[EventDate "2018.06.21"]
[EventCountry "BLR"]
[SourceTitle "playchess.com"]
[Source "ChessBase"]
[SourceQuality "1"]
[TimeControl "900+10"]

1. d4 f5 2. Nc3 Nf6 3. Bf4 g6 4. h4 Bg7 5. h5 Nxh5 6. Rxh5 gxh5 7. e3 O-O 8. Qxh5 Qe8 9. Qxe8 Rxe8 10. Bxc7 b6 11. Bc4+ e6 12. O-O-O Ba6 13. Bb3 Nc6 14. Nf3 Rac8 15. Bf4 d5 16. Ba4 Rf8 17. Nb5 Bxb5 18. Bxb5 Rf6 19. Rh1 Nb4 20. c3 a6 21. Be2 b5 22. Kd2 Nc6 23. a4 Na7 24. axb5 axb5 25. Ra1 Rf7 26. Ng5 Re7 27. Bd6 Rd7 28. Bc5 Nc6 29. Nxe6 Rb7 30. b4 Kf7 31. Nf4 Rd8 32. Bh5+ Kf6 33. Ra6 Rc8 34. Bf3 Kg5 35. Bxd5 Ne7 36. Bxb7 1-0

[Event "Kupreichik Memorial Open 2018"]
[Site "Minsk"]
[Date "2018.06.21"]
[Round "3"]
[White "Zhukova, Natalia"]
[Black "Tyurin, Artem"]
[Result "1-0"]
[ECO "A16"]
[WhiteElo "2356"]
[BlackElo "1855"]
[Annotator "NA"]
[PlyCount "63"]
[EventDate "2018.06.21"]
[EventCountry "BLR"]
[SourceTitle "playchess.com"]
[Source "ChessBase"]
[SourceQuality "1"]
[TimeControl "900+10"]

1. c4 Nf6 2. Nc3 d5 3. cxd5 Nxd5 4. g3 g6 5. Bg2 Nb6 6. h4 h5 7. d3 Bg7 8. Bg5 Nc6 9. Rc1 Nd4 10. Nf3 Ne6 11. Be3 c6 12. Qd2 O-O 13. Bh6 Nd5 14. Ne4 Qb6 15. Bxg7 Nxg7 16. Ne5 Bf5 17. Nc5 Qc7 18. d4 Nf6 19. O-O Rad8 20. Qb4 Rb8 21. e4 Bc8 22. Qc3 Qd6 23. Rfd1 Ne6 24. Nb3 Bd7 25. Qe3 Ng4 26. Nxg4 hxg4 27. d5 cxd5 28. Rxd5 Qa6 29. Rxd7 Qxa2 30. Rd2 Rfd8 31. Ra1 Qxb3 32. Rxd8+ 1-0

[Event "Kupreichik Memorial Open 2018"]
[Site "Minsk"]
[Date "2018.06.21"]
[Round "3"]
[White "Kalugin, Sergey G"]
[Black "Masjuk, Vladimir"]
[Result "0-1"]
[ECO "C71"]
[WhiteElo "2334"]
[BlackElo "1829"]
[Annotator "NA"]
[PlyCount "58"]
[EventDate "2018.06.21"]
[EventCountry "BLR"]
[SourceTitle "playchess.com"]
[Source "ChessBase"]
[SourceQuality "1"]
[TimeControl "900+10"]

1. e4 e5 2. Nf3 Nc6 3. Bb5 a6 4. Ba4 d6 5. c4 Be7 6. Nc3 Nf6 7. h3 O-O 8. O-O Be6 9. d3 Nd7 10. Nd5 f5 11. Nxe7+ Qxe7 12. Ng5 f4 13. Nxe6 Qxe6 14. Bxc6 bxc6 15. Qg4 Qe7 16. b4 Rf6 17. a4 Rg6 18. Qf3 Nf8 19. d4 Ne6 20. dxe5 dxe5 21. Bb2 Ng5 22. Qg4 Nxe4 23. Qf5 Nd2 24. Rfd1 Rf8 25. Qd3 Qg5 26. g3 Rd8 27. Rxd2 Rxd3 28. Rxd3 fxg3 29. fxg3 Rd6 0-1

[Event "Kupreichik Memorial Open 2018"]
[Site "Minsk"]
[Date "2018.06.21"]
[Round "3"]
[White "Nomin-Erdene, Davaademberel"]
[Black "Rybakova, Polina"]
[Result "1-0"]
[ECO "B01"]
[WhiteElo "2312"]
[BlackElo "1826"]
[Annotator "NA"]
[PlyCount "55"]
[EventDate "2018.06.21"]
[EventCountry "BLR"]
[SourceTitle "playchess.com"]
[Source "ChessBase"]
[SourceQuality "1"]
[TimeControl "900+10"]

1. e4 d5 2. exd5 Qxd5 3. Nc3 Qa5 4. d4 Nf6 5. Nf3 Bg4 6. Bc4 e6 7. h3 Bxf3 8. Qxf3 c6 9. Bd2 Qd8 10. Ne2 Nbd7 11. O-O-O Nb6 12. Bb3 a5 13. a3 Be7 14. g4 Nbd5 15. c4 Nc7 16. g5 Nd7 17. h4 Ra6 18. Nf4 b5 19. c5 Nd5 20. Bc2 Nf8 21. Nh5 Rg8 22. Ng3 a4 23. Qe2 Ra8 24. f4 Qb8 25. Qf3 Ra6 26. f5 g6 27. fxg6 hxg6 28. Rhf1 {time} 1-0

[Event "Kupreichik Memorial Open 2018"]
[Site "Minsk"]
[Date "2018.06.21"]
[Round "3"]
[White "Terletsky, Oleg"]
[Black "Badelka, Olga"]
[Result "0-1"]
[ECO "B30"]
[WhiteElo "2268"]
[BlackElo "2153"]
[Annotator "NA"]
[PlyCount "112"]
[EventDate "2018.06.21"]
[EventCountry "BLR"]
[SourceTitle "playchess.com"]
[Source "ChessBase"]
[SourceQuality "1"]
[TimeControl "900+10"]

1. e4 c5 2. Nf3 Nc6 3. Nc3 e5 4. Bc4 Be7 5. d3 d6 6. Nd2 Nf6 7. Nf1 Bg4 8. f3 Be6 9. Ne3 O-O 10. O-O Nh5 11. Nf5 Bxf5 12. exf5 Bg5 13. Nd5 Bxc1 14. Rxc1 Nf4 15. Qd2 Qg5 16. Nxf4 exf4 17. g4 Nd4 18. Qg2 Rae8 19. Rce1 Re3 20. Rxe3 fxe3 21. c3 e2 22. Re1 Qh4 23. Rxe2 Nxe2+ 24. Qxe2 Qd8 25. Qe4 Qd7 26. Bd5 Re8 27. Qf4 Re1+ 28. Kg2 Qe7 29. d4 Re2+ 30. Kh3 cxd4 31. cxd4 Rxb2 32. g5 Qe2 33. Qg3 Qf1+ 34. Kh4 Qg2 35. Qxd6 Qxh2+ 36. Qxh2 Rxh2+ 37. Kg3 Rd2 38. g6 hxg6 39. fxg6 Rxd4 40. gxf7+ Kf8 41. Bxb7 Kxf7 42. Be4 Kf6 43. Bc2 a5 44. Bb3 a4 45. Bg8 g5 46. Kf2 Ke5 47. Ke3 Rh4 48. Bf7 Kd6 49. Be8 Kc5 50. Bf7 Kb4 51. Be6 Ka3 52. Bd5 Rb4 53. Kf2 Rb2+ 54. Kg3 Rxa2 55. Kg4 Rg2+ 56. Kf5 Rg1 0-1

[Event "Kupreichik Memorial Open 2018"]
[Site "Minsk"]
[Date "2018.06.21"]
[Round "3"]
[White "Ten, Alexander"]
[Black "Naumovich, Yaroslav"]
[Result "1/2-1/2"]
[ECO "B15"]
[WhiteElo "2265"]
[BlackElo "1959"]
[Annotator "NA"]
[PlyCount "104"]
[EventDate "2018.06.21"]
[EventCountry "BLR"]
[SourceTitle "playchess.com"]
[Source "ChessBase"]
[SourceQuality "1"]
[TimeControl "900+10"]

1. e4 c6 2. d4 d5 3. Nc3 dxe4 4. Nxe4 Nf6 5. Nxf6+ exf6 6. Nf3 Bd6 7. Bd3 O-O 8. O-O Bg4 9. h3 Bh5 10. Be4 Nd7 11. Qd3 Bg6 12. Bxg6 hxg6 13. Bd2 Qc7 14. b4 Rfe8 15. c4 Bf4 16. Rfd1 Nb6 17. Rac1 Rad8 18. Rc2 Bxd2 19. Rcxd2 Qe7 20. Qb3 Qe4 21. a4 Nc8 22. d5 cxd5 23. Rxd5 Rxd5 24. Rxd5 Nb6 25. Rd4 Qc6 26. a5 Nd7 27. Qd3 Ne5 28. Nxe5 fxe5 29. Rd6 Qa4 30. Qd5 Qxb4 31. Rd7 Qe1+ 32. Kh2 Qxf2 33. Rxb7 e4 34. Qd7 Rf8 35. Qe7 Qf4+ 36. Kh1 e3 37. Rb3 Qf1+ 38. Kh2 e2 39. Re3 Qf4+ 40. Kh1 Rb8 41. Rxe2 Rb1+ 42. Re1 Rxe1+ 43. Qxe1 Qxc4 44. Qe7 a6 45. Qe5 f6 46. Qd6 g5 47. Qd8+ Kf7 48. Qd7+ Kg6 49. Qe8+ Kf5 50. Qd7+ Kg6 51. Qe8+ Kf5 52. Qd7+ Ke5 1/2-1/2

[Event "Kupreichik Memorial Open 2018"]
[Site "Minsk"]
[Date "2018.06.21"]
[Round "3"]
[White "Rakhmangulova, Anastasiya"]
[Black "Tkachou, Viktar"]
[Result "1-0"]
[ECO "B42"]
[WhiteElo "2244"]
[BlackElo "1791"]
[Annotator "NA"]
[PlyCount "77"]
[EventDate "2018.06.21"]
[EventCountry "BLR"]
[SourceTitle "playchess.com"]
[Source "ChessBase"]
[SourceQuality "1"]
[TimeControl "900+10"]

1. e4 c5 2. Nf3 e6 3. d4 cxd4 4. Nxd4 a6 5. Bd3 d6 6. c4 Nf6 7. O-O Be7 8. Nc3 O-O 9. Be3 b6 10. f4 Qc7 11. Rc1 Bb7 12. f5 e5 13. Nc2 Nbd7 14. b4 b5 15. Nd5 Bxd5 16. cxd5 Qd8 17. Na1 Rc8 18. Nb3 Rxc1 19. Bxc1 Qb6+ 20. Kh1 Bd8 21. Qe2 Qb8 22. Be3 Bc7 23. g4 h6 24. h4 Nh7 25. g5 hxg5 26. hxg5 Bb6 27. Rg1 Bxe3 28. Qxe3 g6 29. f6 Nhxf6 30. gxf6 Nxf6 31. Qh6 Qc7 32. Na5 Qc3 33. Nc6 Re8 34. Qe3 Nh5 35. Rc1 Qb2 36. Qh6 Ng3+ 37. Kg1 Ne2+ 38. Bxe2 Qxe2 39. Ne7+ 1-0

[Event "Kupreichik Memorial Open 2018"]
[Site "Minsk"]
[Date "2018.06.21"]
[Round "3"]
[White "Katashuk, Uladzislau"]
[Black "Mialik, Uladzislau"]
[Result "1/2-1/2"]
[ECO "B07"]
[WhiteElo "2149"]
[BlackElo "1768"]
[Annotator "NA"]
[PlyCount "91"]
[EventDate "2018.06.21"]
[EventCountry "BLR"]
[SourceTitle "playchess.com"]
[Source "ChessBase"]
[SourceQuality "1"]
[TimeControl "900+10"]

1. e4 d6 2. d4 Nf6 3. Nc3 g6 4. Bc4 Bg7 5. Qe2 O-O 6. Nf3 c6 7. e5 dxe5 8. dxe5 Nd5 9. Bd2 Nxc3 10. Bxc3 e6 11. Rd1 Qc7 12. h4 Nd7 13. h5 b5 14. Bd3 Bb7 15. hxg6 hxg6 16. Kf1 a6 17. Re1 c5 18. Be4 Rfd8 19. Bxb7 Qxb7 20. b3 Nb6 21. Ng5 Rd7 22. Rh7 b4 23. Bb2 Rad8 24. Qg4 Rd2 25. Qh3 Rd1 26. Rxg7+ Kxg7 27. Qh7+ Kf8 28. Nxe6+ Ke7 29. Nxd8 Rxe1+ 30. Kxe1 Qe4+ 31. Kd2 Qf4+ 32. Kd3 Kxd8 33. Qh8+ Kd7 34. Qf6 c4+ 35. bxc4 Qxc4+ 36. Kd2 Qd5+ 37. Ke2 Nc4 38. e6+ fxe6 39. Qd4 Nxb2 40. Qxb2 Qe4+ 41. Kf1 a5 42. f3 Qc4+ 43. Kf2 Qc5+ 44. Kg3 Qg5+ 45. Kh2 Qh4+ 46. Kg1 1/2-1/2

[Event "Kupreichik Memorial Open 2018"]
[Site "Minsk"]
[Date "2018.06.21"]
[Round "3"]
[White "Sirotkina, Nina"]
[Black "Kolosovskaya, Olga"]
[Result "1-0"]
[ECO "D00"]
[WhiteElo "2116"]
[BlackElo "1747"]
[Annotator "NA"]
[PlyCount "99"]
[EventDate "2018.06.21"]
[EventCountry "BLR"]
[SourceTitle "playchess.com"]
[Source "ChessBase"]
[SourceQuality "1"]
[TimeControl "900+10"]

1. d4 d5 2. Bf4 Nf6 3. e3 e6 4. Nd2 Bd6 5. Bg3 O-O 6. Bd3 c5 7. c3 Nc6 8. Ngf3 b6 9. Ne5 Bb7 10. O-O Ne7 11. f4 Nf5 12. Bf2 Be7 13. Qe2 Nd6 14. Bh4 Nfe4 15. Bxe7 Qxe7 16. Bxe4 Nxe4 17. Nxe4 dxe4 18. dxc5 bxc5 19. Rfd1 Rfd8 20. Rxd8+ Rxd8 21. Rd1 f6 22. Ng4 Rd6 23. Nf2 Qd7 24. c4 f5 25. Rxd6 Qxd6 26. Qd1 Qxd1+ 27. Nxd1 Kf7 28. Nc3 Ke7 29. Kf2 Bc6 30. b3 Kd6 31. g3 e5 32. h4 exf4 33. gxf4 Ke6 34. Ke2 a6 35. Kf2 g6 36. Kg3 Kf6 37. Ne2 h6 38. Nc3 Kf7 39. h5 g5 40. fxg5 hxg5 41. Nd5 Kg7 42. Nc7 Kh6 43. Nxa6 Kxh5 44. Nxc5 Kg6 45. b4 Kf6 46. b5 Ba8 47. b6 Ke5 48. b7 Bxb7 49. Nxb7 f4+ 50. Kf2 1-0

[Event "Kupreichik Memorial Open 2018"]
[Site "Minsk"]
[Date "2018.06.21"]
[Round "3"]
[White "Kaliadzich, Maryia"]
[Black "Shvedau, Mikhail"]
[Result "1-0"]
[ECO "A80"]
[WhiteElo "2058"]
[BlackElo "1742"]
[Annotator "NA"]
[PlyCount "83"]
[EventDate "2018.06.21"]
[EventCountry "BLR"]
[SourceTitle "playchess.com"]
[Source "ChessBase"]
[SourceQuality "1"]
[TimeControl "900+10"]

1. d4 f5 2. Nf3 Nf6 3. g3 e6 4. Bg2 d5 5. O-O Bd6 6. c4 c6 7. b3 Qe7 8. a4 O-O 9. Ba3 Bxa3 10. Nxa3 Bd7 11. e3 Be8 12. Qc1 Nbd7 13. Nc2 Ne4 14. Qb2 Ndf6 15. Nce1 g5 16. Nd3 g4 17. Nfe5 Ng5 18. a5 a6 19. Nf4 Nh5 20. Nfd3 Nf6 21. b4 h5 22. Rac1 Qh7 23. Nf4 Kg7 24. b5 h4 25. bxa6 hxg3 26. fxg3 Rh8 27. Bh1 Bf7 28. axb7 Rab8 29. a6 Nfe4 30. Bxe4 Nxe4 31. Qg2 Ng5 32. cxd5 exd5 33. Rxc6 Rbe8 34. a7 Rxe5 35. dxe5 Nf3+ 36. Rxf3 gxf3 37. Qf2 d4 38. b8=Q dxe3 39. Qxh8+ Qxh8 40. Qxe3 Qa8 41. Rc7 Qd8 42. Ne6+ 1-0

[Event "Kupreichik Memorial Open 2018"]
[Site "Minsk"]
[Date "2018.06.21"]
[Round "3"]
[White "Runets, Ivan"]
[Black "Arlou, Valery"]
[Result "0-1"]
[ECO "B06"]
[WhiteElo "2027"]
[BlackElo "1743"]
[Annotator "NA"]
[PlyCount "142"]
[EventDate "2018.06.21"]
[EventCountry "BLR"]
[SourceTitle "playchess.com"]
[Source "ChessBase"]
[SourceQuality "1"]
[TimeControl "900+10"]

1. e4 g6 2. d4 Bg7 3. f4 d6 4. Nf3 c5 5. c3 cxd4 6. cxd4 Nf6 7. Bd3 O-O 8. O-O Bg4 9. Be3 Nc6 10. Nc3 e5 11. fxe5 dxe5 12. d5 Nd4 13. Bxd4 exd4 14. Ne2 Qe7 15. Ng3 Qb4 16. Qb3 Qxb3 17. axb3 Bxf3 18. gxf3 Nd7 19. Bb5 Nb6 20. b4 a6 21. Bd3 Rac8 22. Rac1 Bh6 23. f4 Rxc1 24. Rxc1 Bxf4 25. Rc2 Rc8 26. Rxc8+ Nxc8 27. Ne2 Be3+ 28. Kg2 f6 29. Kf3 Nd6 30. Ng3 Kf7 31. Ne2 Ke7 32. h4 Nf7 33. Bb1 Ne5+ 34. Kg3 Kd6 35. h5 gxh5 36. Kh4 Nc4 37. b3 Nd2 38. Bc2 Ke5 39. Kxh5 b5 40. Ng3 Nf3 41. Kg4 Ne1 42. Bd1 d3 43. d6 Bb6 44. d7 Ke6 45. Nh5 Nc2 46. Nf4+ Kxd7 47. Bf3 Ne3+ 48. Kh5 d2 49. Nd5 Bd4 50. Nxe3 Bxe3 51. Kg4 Ke6 52. Be2 Ke5 53. Kf3 Bd4 54. Bd1 Bc3 55. Ke2 Bxb4 56. Kd3 h6 57. Ke3 Ba5 58. Be2 Bb4 59. Bd1 f5 60. exf5 Kxf5 61. Kf3 h5 62. Kg3 Kg5 63. Kf3 h4 64. Bc2 Bd6 65. Ke3 Bf4+ 66. Kf3 h3 67. Kf2 Kh4 68. Kf3 Bg5 69. Bd1 h2 70. Kg2 Bf4 71. Bf3 Kg5 0-1

[Event "Kupreichik Memorial Open 2018"]
[Site "Minsk"]
[Date "2018.06.21"]
[Round "3"]
[White "Romanovskij, Nikita"]
[Black "Bezenson, Anton"]
[Result "1/2-1/2"]
[ECO "A48"]
[WhiteElo "1990"]
[BlackElo "1732"]
[Annotator "NA"]
[PlyCount "64"]
[EventDate "2018.06.21"]
[EventCountry "BLR"]
[SourceTitle "playchess.com"]
[Source "ChessBase"]
[SourceQuality "1"]
[TimeControl "900+10"]

1. d4 Nf6 2. Nf3 g6 3. Bg5 Bg7 4. Nbd2 d5 5. e3 O-O 6. Bd3 Nbd7 7. O-O c5 8. c3 Qb6 9. Rb1 Re8 10. Re1 e5 11. dxe5 Nxe5 12. Nxe5 Rxe5 13. Nf3 Re8 14. c4 dxc4 15. Bxc4 Bf5 16. Rc1 Rad8 17. Qb3 Qxb3 18. Bxb3 b6 19. Ba4 Bd7 20. Bc2 Bc6 21. Rcd1 h6 22. Bh4 g5 23. Bg3 Ne4 24. Rxd8 Rxd8 25. Be5 Nd2 26. Bxg7 Nxf3+ 27. gxf3 Kxg7 28. Rd1 Rxd1+ 29. Bxd1 Bd5 30. a3 Kf6 31. Kf1 Ke5 32. Ke2 b5 1/2-1/2

[Event "Kupreichik Memorial Open 2018"]
[Site "Minsk"]
[Date "2018.06.21"]
[Round "3"]
[White "Svjatocho, Andrej"]
[Black "Yurau, Maksim"]
[Result "1/2-1/2"]
[ECO "A08"]
[WhiteElo "1979"]
[BlackElo "1694"]
[Annotator "NA"]
[PlyCount "49"]
[EventDate "2018.06.21"]
[EventCountry "BLR"]
[SourceTitle "playchess.com"]
[Source "ChessBase"]
[SourceQuality "1"]
[TimeControl "900+10"]

1. e4 c5 2. Nf3 e6 3. d3 d5 4. Nbd2 Nc6 5. g3 Nf6 6. Bg2 Be7 7. O-O O-O 8. Re1 Re8 9. c3 b5 10. Qc2 Bb7 11. Nb3 c4 12. dxc4 bxc4 13. Nbd2 Bc5 14. e5 Ng4 15. Re2 Qc7 16. b4 Be7 17. Nf1 Ngxe5 18. Nxe5 Nxe5 19. Bf4 Bd6 20. Bxe5 Bxe5 21. Ne3 Rab8 22. Rae1 Bd6 23. Nxd5 Bxd5 24. Bxd5 Red8 25. Be4 1/2-1/2